 Dungeon Crawl Stone Soup version 0.32-a0-872-g59262bdc9b (webtiles) character file.

Game seed: 8442214026155878328

6 601d51SH the Charlatan (level 1, -1/15 HPs)
             Began as a Demonspawn Artificer on Mar 30, 2024.
             Slain by a quokka (2 damage)
             ... on level 1 of the Dungeon.
             The game lasted 00:00:49 (204 turns).

601d51SH the Charlatan (Demonspawn Artificer)        Turns: 204, Time: 00:00:49

Health: -1/15      AC:  3    Str: 12    XL:     1   Next: 75%
Magic:  1/1        EV: 10    Int: 11    God:
Gold:   10         SH:  0    Dex: 13    Spells: 0/0 levels left

rFire   . . .        a - +0 club
rCold   . . .        (no shield)
rNeg    . . .        b - +0 leather armour
rPois   .            (no helmet)
rElec   .            (no cloak)
rCorr   .            (no gloves)
SInv    .            (no boots)
Will    .....        (no amulet)
Stlth   +            (no ring)
HPRegen 0.22/turn    (no ring)
MPRegen 0.07/turn

%: no passive effects
@: no status effects
A: no striking features
a: no special abilities


You were on level 1 of the Dungeon.
You visited 1 branch of the dungeon, and saw 1 of its levels.

You collected 10 gold pieces.

Inventory:

Hand Weapons
 a - a +0 club (weapon)
Armour
 b - a +0 leather armour (worn)
 i - a +0 robe
Wands
 c - a wand of flame (15) (quivered)
 d - a wand of charming (15)
 e - a wand of iceblast (5)
Scrolls
 f - a scroll of noise {unknown}
 g - a scroll of torment {unknown}


   Skills:
 + Level 1.0 Fighting
 + Level 1.9 Armour
 + Level 1.1 Dodging
 + Level 0.8 Stealth
 + Level 3.2 Evocations


You couldn't memorise any spells.
You didn't know any spells.
Your spell library was empty.

Dungeon Overview and Level Annotations

Branches:
Dungeon (1/15)

Altars:


Message History

The hobgoblin closely misses you.
You hit the hobgoblin.
You kill the hobgoblin!
Your Dodging skill increases to level 1!
g - a scroll labelled UDANWU RIALA You see here a +0 robe.
You see here a +0 robe.
h - a +0 robe You see here a +0 robe.
i - a +0 robe You drop a +0 robe.
Found a stone staircase leading down.
Found a stone staircase leading down.
A goblin comes into view. It is wielding a +0 dagger.
Found 10 gold pieces.
A quokka comes into view.
The goblin shouts!
You closely miss the goblin. The goblin hits you but does no damage.
The quokka barely misses you.
You closely miss the goblin. The quokka completely misses you.
The goblin completely misses you.
You hit the goblin but do no damage. The quokka barely misses you.
The goblin hits you but does no damage. The quokka bites you.
You hit the goblin.
The goblin is moderately wounded.
The goblin hits you with a +0 dagger.
The quokka bites you but does no damage.
The goblin hits you but does no damage.
You barely miss the goblin.
The goblin is moderately wounded.
The quokka bites you. The goblin hits you with a +0 dagger.
* * * LOW HITPOINT WARNING * * *
The quokka bites you.
* * * LOW HITPOINT WARNING * * *
You completely miss the goblin.
The goblin is moderately wounded.
The quokka barely misses you. The goblin hits you with a +0 dagger.
* * * LOW HITPOINT WARNING * * *
The quokka bites you.
You die...

.... ####.# ..#.
..............##.# ..#
.................# ..#
#..........$......#
..##...#..............#
..#.......##..........#
.......##.#..#........#
.....####... #.......###
.#....#....###..@g......
.#...............r......
.....>.##..#.........###
.............#....#.##
.............##.......
>............##........
.............##.........
....###########.........
....# #########


You could see a quokka and a goblin.

Vanquished Creatures
  A dart slug (D:1)
  2 hobgoblins (D:1)
  A ball python (D:1)
4 creatures vanquished.

Notes
Turn   | Place    | Note
-------+----------+-------------------------------------------
     0 | D:1      | 601d51SH the Demonspawn Artificer began the quest for the
                  | Orb.
     0 | D:1      | Reached XP level 1. HP: 15/15 MP: 1/1
   120 | D:1      | Reached skill level 1 in Dodging
   204 | D:1      | Slain by a quokka

Illustrated notes

Levels and vault maps discovered:
D:1:      dpeg_arrival_water_altar, layout_rooms

Skill      XL: |  1 |
---------------+----+-----
Dodging        | 1 |  1.1
Fighting       | |  1.0
Armour         | |  1.9
Stealth        | |  0.8
Evocations     | |  3.2

Action                     || total
---------------------------++-------
  Melee: Club              ||    26
 Armour: Leather armour    ||    28
  Dodge: Dodged            ||    22

Table legend: (Time is in decaauts)
 A = Elapsed time spent in this place.
 B = Non-inter-level travel time spent in this place.
 C = Inter-level travel time spent in this place.
 D = Time resting spent in this place.
 E = Time spent auto-exploring this place.
 F = Levels seen in this place.
 G = Mean time per level.
                   A        B        C        D        E       F      G
               +--------+--------+--------+--------+--------+-----+--------+
         Total |    211 |    211 |      0 |     44 |      0 |   1 |  211.0 |
       Dungeon |    211 |    211 |      0 |     44 |      0 |   1 |  211.0 |
               +--------+--------+--------+--------+--------+-----+--------+

Top non-repeatable levels by time:
     D:1: 211 daAuts
